Sharks vs Coyotes
(R1)
Created - November 6, 2017 at 19:17
Goals
|
Sharks |
1 |
0 |
1 |
1 |
3 |
Coyotes |
1 |
0 |
1 |
0 |
2 |
|
Shots
|
Sharks |
16 |
9 |
10 |
1 |
36 |
Coyotes |
12 |
5 |
8 |
0 |
25 |
|
1st period
1. Sharks , Antoine Vermette 4 (Kevin Shattenkirk 8, Ryane Clowe 3) at 6:03 (PP)
2. Coyotes , Nazem Kadri 7 (Anton Stralman 9) at 6:14
Penalties :
Marian Gaborik (Ari) for Tripping (Minor) at 5:21
2nd period
No Goal
Penalties :
Erik Cole (SJS) for Hooking (Minor) at 2:33, Boris Valabik (SJS) for Tripping (Minor) at 3:34, Nazem Kadri (Ari) for Cross-checking (Minor) at 6:49, Eric Brewer (Ari) for Hooking (Minor) at 11:31
3rd period
3. Coyotes , Brad Richards 6 (Marian Gaborik 10, Kristopher Letang 7) at 1:55 (PP)
4. Sharks , Kevin Shattenkirk 4 (David Legwand 10) at 17:01 (PP)
Penalties :
Steve Montador (SJS) for Tripping (Minor) at 1:40, Marian Gaborik (Ari) for High sticking (Minor) at 5:47, Maxim Talbot (Ari) for Hooking (Minor) at 11:44, Kristopher Letang (Ari) for Hooking (Minor) at 17:00, Enver Lisin (Ari) for Boarding (Minor) at 19:48
Overtime #1
5. Sharks , T.J. Hensick 4 (Boris Valabik 4, Greg Campbell 2) at 1:12 (PP)
Penalties :
No Penalty
Goalie Stats
Brent Krahn (SJS), 23 saves from 25 shots - (0.920), W, 3-2-1, 61:12 minutes
Ryan Miller (Ari), 33 saves from 36 shots - (0.917), OTL, 5-5-1, 61:12 minutes
Players Stats for Sharks
Player Name G A P +/- PIM S H SB GA TA FO MP PP MP PK MP
------------------------------------------------------------------------------------
Andrej Sekera 0 0 0 0 0 0 0 1 0 0 0/0 10:52 0:00 0:00
Antoine Vermette 1 0 1 0 0 2 2 0 0 0 7/12 17:12 3:08 0:26
Boris Valabik 0 1 1 0 2 0 1 1 0 1 0/0 21:20 2:46 0:27
Brad Boyes 0 0 0 -1 0 2 1 0 0 1 3/5 23:26 5:42 1:59
Brayden McNabb 0 0 0 0 0 2 1 0 1 1 0/0 11:33 0:00 0:41
Cal Clutterbuck 0 0 0 0 0 4 2 2 0 0 1/1 16:09 3:06 0:00
Chris Campoli 0 0 0 0 0 1 1 1 1 1 0/0 21:55 2:46 1:02
Damien Brunner 0 0 0 0 0 1 0 0 1 0 1/1 8:07 0:00 0:00
David Legwand 0 1 1 -1 0 5 2 0 0 0 21/38 23:20 5:42 1:49
Derek Boogaard 0 0 0 -1 0 4 2 0 0 0 0/0 21:34 5:42 0:42
Erik Cole 0 0 0 0 2 5 0 0 0 0 0/0 11:07 0:00 0:12
Greg Campbell 0 1 1 0 0 0 0 0 0 0 2/4 8:44 0:00 0:00
Kevin Shattenkirk 1 1 2 -1 0 5 0 1 0 1 0/0 28:37 6:04 2:21
Nick Palmieri 0 0 0 0 0 2 0 0 0 0 0/2 11:24 0:00 0:24
Oskar Osala 0 0 0 0 0 0 1 0 0 0 0/0 8:07 0:00 0:00
Ryane Clowe 0 1 1 0 0 2 2 1 0 1 0/2 16:46 3:08 0:00
Steve Montador 0 0 0 -1 2 0 1 0 0 3 0/0 28:09 6:04 1:58
T.J. Hensick 1 0 1 0 0 1 0 0 0 1 9/14 12:10 0:02 0:00
Players Stats for Coyotes
Player Name G A P +/- PIM S H SB GA TA FO MP PP MP PK MP
------------------------------------------------------------------------------------
Anton Stralman 0 1 1 1 0 0 1 0 2 0 0/0 25:39 2:16 3:46
Brad Richards 1 0 1 0 0 2 2 0 0 0 9/27 19:49 2:05 3:24
Brooks Laich 0 0 0 0 0 0 0 0 0 0 1/7 7:25 0:00 0:00
Chris Neil 0 0 0 0 0 0 2 0 0 0 0/0 7:25 0:00 0:00
Chris Stewart 0 0 0 1 0 1 0 0 0 0 0/0 16:17 1:10 0:00
Enver Lisin 0 0 0 0 2 2 0 0 0 0 0/0 10:13 0:00 0:00
Eric Brewer 0 0 0 0 2 2 1 0 0 0 0/0 20:08 0:59 2:50
Greg Zanon 0 0 0 0 0 1 0 1 0 0 0/0 18:28 0:00 6:28
Josh Gorges 0 0 0 0 0 1 0 4 1 0 0/0 22:47 0:00 6:16
Kristopher Letang 0 1 1 1 2 6 2 2 2 0 0/0 22:35 2:16 0:44
Marian Gaborik 0 1 1 0 4 0 1 0 2 0 1/5 17:10 2:05 0:00
Mark Bell 0 0 0 0 0 1 0 0 2 0 2/2 15:45 0:00 5:30
Martin Samuelsson 0 0 0 0 0 0 0 1 0 1 1/1 11:20 0:00 3:08
Maxim Talbot 0 0 0 0 2 1 1 0 0 1 9/20 14:26 0:00 4:11
Michael Del Zotto 0 0 0 0 0 0 0 1 0 1 0/0 12:46 0:59 0:00
Nazem Kadri 1 0 1 1 2 3 1 0 1 0 7/11 16:26 1:10 0:09
Tyler Ennis 0 0 0 1 0 2 3 0 0 0 0/0 16:27 1:10 0:10
Zach Parise 0 0 0 0 0 3 2 1 0 0 5/6 19:33 2:05 2:20
3 Stars
1 - Kevin Shattenkirk (SJS)
2 - Brad Richards (Ari)
3 - Antoine Vermette (SJS)
Power Play
Sharks - 3 on 7 Attempt(s) - 42.86%
Coyotes - 1 on 3 Attempt(s) - 33.33%
Penalty Kill
Sharks - 2 on 3 Attempt(s) - 66.67%
- Score 0 goal in Penalty Kill
Coyotes - 4 on 7 Attempt(s) - 57.14%
- Score 0 goal in Penalty Kill
Team Stat
Sharks - Hits : 16 - Faceoff Wins : 44 - Blocked Shots : 7 - Penalty Minutes : 6
Coyotes - Hits : 16 - Faceoff Wins : 35 - Blocked Shots : 10 - Penalty Minutes : 14
Official
Referees : Pochmara Brian and O'Halloran Dan
Linesman : Jean Morin and Scott Cherrey
Game Notes
No Game Note
Finance
Level 1 -- Attendance: 5858 (97.63%) -- Ticket Income $527,220
Level 2 -- Attendance: 5000 (100.00%) -- Ticket Income $265,000
Level 3 -- Attendance: 2000 (100.00%) -- Ticket Income $74,000
Level 4 -- Attendance: 3986 (99.65%) -- Ticket Income $103,636
Luxury Box -- Attendance: 875 (87.50%) -- Ticket Income $142,625
Game was played at the The Pack Center.
Total Attendance: 17719 (98.44%)
Total Ticket Income: $1,112,481
Other Income: $166,872
Total Income: $1,279,353
Sharks
5 vs 5 Forward
Center Left Wing Right Wing Time % Phy DF OF
1 David Legwand Derek Boogaard Brad Boyes 40 0 3 2
2 Antoine Vermette Ryane Clowe Cal Clutterbuck 30 0 3 2
3 T.J. Hensick Erik Cole Nick Palmieri 20 0 3 2
4 Greg Campbell Oskar Osala Damien Brunner 10 0 3 2
5 vs 5 Defense
Defense Defense Time % Phy DF OF
1 Kevin Shattenkirk Steve Montador 40 0 3 2
2 Boris Valabik Chris Campoli 30 0 3 2
3 Andrej Sekera Brayden McNabb 20 0 3 2
4 Kevin Shattenkirk Steve Montador 10 0 3 2
PowerPlay Forward
Center Left Wing Right Wing Time % Phy DF OF
1 David Legwand Derek Boogaard Brad Boyes 60 0 2 3
2 Antoine Vermette Ryane Clowe Cal Clutterbuck 40 0 2 3
PowerPlay Defense
Defense Defense Time % Phy DF OF
1 Kevin Shattenkirk Steve Montador 60 0 2 3
2 Boris Valabik Chris Campoli 40 0 2 3
Penalty Kill 4 Players Forward
Center Wing Time % Phy DF OF
1 Brad Boyes David Legwand 60 1 4 0
2 Derek Boogaard Antoine Vermette 40 1 4 0
Penalty Kill 4 Players Defense
Defense Defense Time % Phy DF OF
1 Kevin Shattenkirk Steve Montador 60 1 4 0
2 Boris Valabik Chris Campoli 40 1 4 0
Penalty Kill - 3 Players Forward
Forward Time % Phy DF OF
1 Brad Boyes 60 1 4 0
2 David Legwand 40 1 4 0
Penalty Kill - 3 Players Defense
Defense Defense Time % Phy DF OF
1 Kevin Shattenkirk Steve Montador 60 1 4 0
2 Boris Valabik Chris Campoli 40 1 4 0
4 vs 4 Forward
Center Wing Time % Phy DF OF
1 Brad Boyes David Legwand 60 0 3 2
2 Derek Boogaard Antoine Vermette 40 0 3 2
4 vs 4 Defense
Defense Defense Time % Phy DF OF
1 Kevin Shattenkirk Steve Montador 60 0 3 2
2 Boris Valabik Chris Campoli 40 0 3 2
Last Minutes Offensive
Center Left Wing Right Wing Defense Defense
David Legwand Derek Boogaard Brad Boyes Kevin Shattenkirk Steve Montador
Last Minutes Defensive
Center Left Wing Right Wing Defense Defense
David Legwand Derek Boogaard Brad Boyes Kevin Shattenkirk Steve Montador
Goaltenders
Starting : Brent Krahn
Backup : Frederik Andersen
Extra Forwards
Normal : T.J. Hensick, Greg Campbell, Nick Palmieri - PP : T.J. Hensick, Greg Campbell - PK : Nick Palmieri
Extra Defensemen
Normal : Andrej Sekera, Brayden McNabb, Boris Valabik - PP : Andrej Sekera - PK : Brayden McNabb, Boris Valabik
Penalty Shots
Brad Boyes, David Legwand, Derek Boogaard, Antoine Vermette, Ryane Clowe
Scratches
Jordan LaVallee (Healthy), Oliver Ekman-Larsson (Healthy), Martin Erat (Healthy), Patrick O'Sullivan (Healthy), Justin Pogge (Healthy)
Coyotes
5 vs 5 Forward
Center Left Wing Right Wing Time % Phy DF OF
1 Brad Richards Zach Parise Marian Gaborik 37 1 2 2
2 Nazem Kadri Tyler Ennis Chris Stewart 30 0 2 3
3 Maxim Talbot Mark Bell Enver Lisin 20 1 2 2
4 Brooks Laich Martin Samuelsson Chris Neil 13 1 2 2
5 vs 5 Defense
Defense Defense Time % Phy DF OF
1 Kristopher Letang Anton Stralman 42 1 2 2
2 Josh Gorges Eric Brewer 34 1 2 2
3 Michael Del Zotto Greg Zanon 24 1 2 2
4 Kristopher Letang Josh Gorges 0 1 2 2
PowerPlay Forward
Center Left Wing Right Wing Time % Phy DF OF
1 Brad Richards Zach Parise Marian Gaborik 60 1 1 3
2 Nazem Kadri Tyler Ennis Chris Stewart 40 1 1 3
PowerPlay Defense
Defense Defense Time % Phy DF OF
1 Kristopher Letang Anton Stralman 60 1 1 3
2 Michael Del Zotto Eric Brewer 40 1 1 3
Penalty Kill 4 Players Forward
Center Wing Time % Phy DF OF
1 Maxim Talbot Mark Bell 60 1 3 1
2 Brad Richards Martin Samuelsson 40 1 3 1
Penalty Kill 4 Players Defense
Defense Defense Time % Phy DF OF
1 Greg Zanon Josh Gorges 60 1 4 0
2 Anton Stralman Eric Brewer 40 1 4 0
Penalty Kill - 3 Players Forward
Forward Time % Phy DF OF
1 Brad Richards 60 1 3 1
2 Zach Parise 40 1 3 1
Penalty Kill - 3 Players Defense
Defense Defense Time % Phy DF OF
1 Greg Zanon Anton Stralman 60 1 4 0
2 Josh Gorges Eric Brewer 40 1 4 0
4 vs 4 Forward
Center Wing Time % Phy DF OF
1 Brad Richards Zach Parise 60 1 2 2
2 Nazem Kadri Marian Gaborik 40 1 2 2
4 vs 4 Defense
Defense Defense Time % Phy DF OF
1 Kristopher Letang Anton Stralman 60 1 2 2
2 Josh Gorges Eric Brewer 40 1 2 2
Last Minutes Offensive
Center Left Wing Right Wing Defense Defense
Brad Richards Zach Parise Marian Gaborik Kristopher Letang Anton Stralman
Last Minutes Defensive
Center Left Wing Right Wing Defense Defense
Brad Richards Zach Parise Marian Gaborik Greg Zanon Anton Stralman
Goaltenders
Starting : Ryan Miller
Backup : Maxime Daigneault
Extra Forwards
Normal : Mark Bell, Maxim Talbot, Brooks Laich - PP : Mark Bell, Maxim Talbot - PK : Zach Parise
Extra Defensemen
Normal : Michael Del Zotto, Greg Zanon, Anton Stralman - PP : Josh Gorges - PK : Kristopher Letang, Anton Stralman
Penalty Shots
Tyler Ennis, Marian Gaborik, Zach Parise, Brad Richards, Chris Stewart
Scratches
None
% Time on Ice - Sharks
Lines # - Real PCT - Wanted PCT - Time Play
Normal Forward
1 - 32% - 40% - 15:14
2 - 28% - 30% - 13:38
3 - 23% - 20% - 10:56
4 - 17% - 10% - 8:07
Normal Defense
1 - 38% - 40% - 17:59
2 - 36% - 30% - 17:22
3 - 23% - 20% - 10:52
4 - 4% - 10% - 1:42
PP Forward
1 - 65% - 60% - 5:42
2 - 35% - 40% - 3:08
PP Defense
1 - 69% - 60% - 6:04
2 - 31% - 40% - 2:46
PK Forward
1 - 72% - 60% - 1:39
2 - 28% - 40% - 0:38
PK Defense
1 - 55% - 60% - 1:15
2 - 45% - 40% - 1:02
PK3 Forward
1 - 76% - 60% - 0:44
2 - 24% - 40% - 0:14
PK3 Defense
1 - 100% - 60% - 0:58
2 - 0% - 40% - 0:00
44 Forward
1 - 100% - 60% - 1:12
2 - 0% - 40% - 0:00
44 Defense
1 - 38% - 60% - 0:27
2 - 63% - 40% - 0:45
Last Minute Offensive - 0:00
Last Minute Defensive - 0:00
Total
Forward - 61:12
Defense - 61:12
|
% Time on Ice - Coyotes
Lines # - Real PCT - Wanted PCT - Time Play
Normal Forward
1 - 32% - 37% - 15:09
2 - 32% - 30% - 15:07
3 - 21% - 20% - 10:14
4 - 15% - 13% - 7:25
Normal Defense
1 - 42% - 42% - 20:14
2 - 35% - 34% - 16:36
3 - 23% - 24% - 11:05
4 - 0% - 0% - 0:00
PP Forward
1 - 64% - 60% - 2:05
2 - 36% - 40% - 1:10
PP Defense
1 - 70% - 60% - 2:16
2 - 30% - 40% - 0:59
PK Forward
1 - 82% - 60% - 7:13
2 - 18% - 40% - 1:37
PK Defense
1 - 65% - 60% - 5:46
2 - 35% - 40% - 3:04
PK3 Forward
1 - 86% - 60% - 1:02
2 - 14% - 40% - 0:10
PK3 Defense
1 - 58% - 60% - 0:42
2 - 42% - 40% - 0:30
44 Forward
1 - 0% - 60%
2 - 0% - 40%
44 Defense
1 - 0% - 60%
2 - 0% - 40%
Last Minute Offensive - 0:00
Last Minute Defensive - 0:00
Total
Forward - 61:12
Defense - 61:12
|
Play by Play
1st period
0:01 of 1st period - David Legwand wins face-off versus Marian Gaborik in neutral zone.
0:26 of 1st period - Ryane Clowe is hit by Tyler Ennis and loses puck.
0:32 of 1st period - Off-side.
0:33 of 1st period - Maxim Talbot wins face-off versus T.J. Hensick in neutral zone.
1:25 of 1st period - Wrist shot by Zach Parise.
1:25 of 1st period - Shot Blocked by Chris Campoli.
1:49 of 1st period - Wrist shot by Brad Boyes.
1:49 of 1st period - Stopped by Ryan Miller without a rebound.
1:50 of 1st period - Nazem Kadri wins face-off versus Antoine Vermette in Coyotes zone.
1:50 of 1st period - Nazem Kadri is hit by Ryane Clowe.
1:56 of 1st period - Snap shot by Nazem Kadri.
1:56 of 1st period - Stopped by Brent Krahn with a rebound.
2:40 of 1st period - Wrist shot by Maxim Talbot.
2:40 of 1st period - Shot Misses the Net.
2:42 of 1st period - Slapshot by Kristopher Letang.
2:42 of 1st period - Stopped by Brent Krahn without a rebound.
2:43 of 1st period - Antoine Vermette wins face-off versus Maxim Talbot in Sharks zone.
2:43 of 1st period - Antoine Vermette is hit by Maxim Talbot.
3:23 of 1st period - Off-side.
3:24 of 1st period - David Legwand wins face-off versus Nazem Kadri in neutral zone.
3:27 of 1st period - Backhand shot by David Legwand.
3:27 of 1st period - Stopped by Ryan Miller without a rebound.
3:28 of 1st period - David Legwand wins face-off versus Nazem Kadri in Coyotes zone.
3:59 of 1st period - Slapshot by Kevin Shattenkirk.
3:59 of 1st period - Shot Blocked by Greg Zanon.
4:21 of 1st period - Boris Valabik is hit by Chris Neil and loses puck.
4:41 of 1st period - Off-side.
4:42 of 1st period - T.J. Hensick wins face-off versus Maxim Talbot in neutral zone.
5:06 of 1st period - Slapshot by Enver Lisin.
5:06 of 1st period - Stopped by Brent Krahn without a rebound.
5:07 of 1st period - David Legwand wins face-off versus Brad Richards in Sharks zone.
5:21 of 1st period - Minor Penalty to Marian Gaborik for Tripping.
5:22 of 1st period - Maxim Talbot wins face-off versus David Legwand in Coyotes zone.
5:29 of 1st period - Off-side.
5:30 of 1st period - David Legwand wins face-off versus Maxim Talbot in neutral zone.
5:59 of 1st period - Snap shot by Ryane Clowe.
5:59 of 1st period - Stopped by Ryan Miller with a rebound.
6:01 of 1st period - Slapshot by Kevin Shattenkirk.
6:01 of 1st period - Stopped by Ryan Miller with a rebound.
6:03 of 1st period - Snap shot by Antoine Vermette.
6:03 of 1st period - Goal by Antoine Vermette - Sharks : 1 - Coyotes : 0.
6:04 of 1st period - David Legwand wins face-off versus Nazem Kadri in neutral zone.
6:14 of 1st period - Slapshot by Nazem Kadri.
6:14 of 1st period - Goal by Nazem Kadri - Sharks : 1 - Coyotes : 1.
6:15 of 1st period - Zach Parise wins face-off versus David Legwand in neutral zone.
6:41 of 1st period - Eric Brewer is hit by Cal Clutterbuck and loses puck.
8:10 of 1st period - Maxim Talbot is hit by Cal Clutterbuck and loses puck.
8:36 of 1st period - Slapshot by T.J. Hensick.
8:36 of 1st period - Deflect By Nick Palmieri.
8:36 of 1st period - Stopped by Ryan Miller without a rebound.
8:37 of 1st period - T.J. Hensick wins face-off versus Brooks Laich in Coyotes zone.
9:04 of 1st period - Snap shot by T.J. Hensick.
9:04 of 1st period - Shot Blocked by Josh Gorges.
9:06 of 1st period - Wrist shot by Nick Palmieri.
9:06 of 1st period - Deflect By Erik Cole.
9:06 of 1st period - Stopped by Ryan Miller with a rebound.
9:12 of 1st period - Slapshot by T.J. Hensick.
9:12 of 1st period - Shot Misses the Net.
9:14 of 1st period - Wrist shot by Erik Cole.
9:14 of 1st period - Stopped by Ryan Miller without a rebound.
9:15 of 1st period - Brad Richards wins face-off versus David Legwand in Coyotes zone.
9:15 of 1st period - Brad Richards is hit by David Legwand.
9:40 of 1st period - Cal Clutterbuck is hit by Tyler Ennis.
9:48 of 1st period - Snap shot by Tyler Ennis.
9:48 of 1st period - Deflect By Chris Campoli.
9:48 of 1st period - Shot Blocked by Ryane Clowe.
9:48 of 1st period - Puck is out of play.
9:49 of 1st period - Zach Parise wins face-off versus David Legwand in Sharks zone.
9:52 of 1st period - Snap shot by Zach Parise.
9:52 of 1st period - Stopped by Brent Krahn with a rebound.
10:08 of 1st period - Boris Valabik is hit by Eric Brewer.
10:44 of 1st period - Slapshot by Maxim Talbot.
10:44 of 1st period - Stopped by Brent Krahn with a rebound.
10:46 of 1st period - Slapshot by Kristopher Letang.
10:46 of 1st period - Stopped by Brent Krahn with a rebound.
10:48 of 1st period - Snap shot by Anton Stralman.
10:48 of 1st period - Deflect By Maxim Talbot.
10:48 of 1st period - Shot Misses the Net.
10:48 of 1st period - Puck is out of play.
10:49 of 1st period - David Legwand wins face-off versus Brad Richards in Sharks zone.
10:56 of 1st period - Wrist shot by Brad Boyes.
10:56 of 1st period - Shot Misses the Net.
11:14 of 1st period - Anton Stralman is hit by Chris Campoli and loses puck.
11:58 of 1st period - Slapshot by Martin Samuelsson.
11:58 of 1st period - Shot Misses the Net.
12:50 of 1st period - Greg Zanon is hit by Ryane Clowe and loses puck.
13:45 of 1st period - Snap shot by Derek Boogaard.
13:45 of 1st period - Shot Misses the Net.
13:55 of 1st period - Slapshot by Brad Boyes.
13:55 of 1st period - Shot Blocked by Martin Samuelsson.
13:57 of 1st period - Wrist shot by Derek Boogaard.
13:57 of 1st period - Stopped by Ryan Miller without a rebound.
13:58 of 1st period - Antoine Vermette wins face-off versus Brad Richards in Coyotes zone.
14:05 of 1st period - Slapshot by Cal Clutterbuck.
14:05 of 1st period - Stopped by Ryan Miller with a rebound.
14:07 of 1st period - Slapshot by Cal Clutterbuck.
14:07 of 1st period - Shot Misses the Net.
14:09 of 1st period - Snap shot by Brayden McNabb.
14:09 of 1st period - Stopped by Ryan Miller without a rebound.
14:10 of 1st period - Zach Parise wins face-off versus David Legwand in Coyotes zone.
14:25 of 1st period - Backhand shot by Derek Boogaard.
14:25 of 1st period - Stopped by Ryan Miller without a rebound.
14:26 of 1st period - Nazem Kadri wins face-off versus Ryane Clowe in Coyotes zone.
14:31 of 1st period - Wrist shot by Kristopher Letang.
14:31 of 1st period - Stopped by Brent Krahn with a rebound.
14:33 of 1st period - Snap shot by Kristopher Letang.
14:33 of 1st period - Stopped by Brent Krahn with a rebound.
14:35 of 1st period - Slapshot by Kristopher Letang.
14:35 of 1st period - Stopped by Brent Krahn without a rebound.
14:36 of 1st period - Nazem Kadri wins face-off versus Antoine Vermette in Sharks zone.
15:16 of 1st period - Slapshot by Tyler Ennis.
15:16 of 1st period - Shot Misses the Net.
15:18 of 1st period - Snap shot by Nazem Kadri.
15:18 of 1st period - Stopped by Brent Krahn with a rebound.
15:20 of 1st period - Slapshot by Nazem Kadri.
15:20 of 1st period - Deflect By Ryane Clowe.
15:20 of 1st period - Shot Misses the Net.
15:20 of 1st period - Puck is out of play.
15:21 of 1st period - David Legwand wins face-off versus Marian Gaborik in Sharks zone.
16:19 of 1st period - Brayden McNabb is hit by Chris Neil and loses puck.
16:52 of 1st period - Snap shot by David Legwand.
16:52 of 1st period - Shot Misses the Net.
16:54 of 1st period - Snap shot by Brayden McNabb.
16:54 of 1st period - Deflect By Anton Stralman.
16:54 of 1st period - Stopped by Ryan Miller without a rebound.
16:55 of 1st period - David Legwand wins face-off versus Maxim Talbot in Coyotes zone.
16:56 of 1st period - Slapshot by Kevin Shattenkirk.
16:56 of 1st period - Shot Blocked by Michael Del Zotto.
17:14 of 1st period - Slapshot by Kevin Shattenkirk.
17:14 of 1st period - Shot Misses the Net.
17:59 of 1st period - Snap shot by Maxim Talbot.
17:59 of 1st period - Shot Blocked by Cal Clutterbuck.
18:01 of 1st period - Backhand shot by Josh Gorges.
18:01 of 1st period - Shot Blocked by Cal Clutterbuck.
18:03 of 1st period - Slapshot by Josh Gorges.
18:03 of 1st period - Deflect By Mark Bell.
18:03 of 1st period - Shot Misses the Net.
18:03 of 1st period - Puck is out of play.
18:04 of 1st period - Mark Bell wins face-off versus T.J. Hensick in Sharks zone.
18:05 of 1st period - Slapshot by Maxim Talbot.
18:05 of 1st period - Shot Misses the Net.
18:07 of 1st period - Slapshot by Maxim Talbot.
18:07 of 1st period - Shot Misses the Net.
18:29 of 1st period - Zach Parise is hit by Oskar Osala and loses puck.
18:52 of 1st period - Snap shot by Antoine Vermette.
18:52 of 1st period - Stopped by Ryan Miller with a rebound.
18:56 of 1st period - Snap shot by Cal Clutterbuck.
18:56 of 1st period - Stopped by Ryan Miller with a rebound.
19:02 of 1st period - Backhand shot by Ryane Clowe.
19:02 of 1st period - Shot Hit the Post.
19:30 of 1st period - Josh Gorges is hit by Derek Boogaard and loses puck.
19:41 of 1st period - Wrist shot by David Legwand.
19:41 of 1st period - Shot Blocked by Josh Gorges.
19:43 of 1st period - Wrist shot by David Legwand.
19:43 of 1st period - Stopped by Ryan Miller without a rebound.
19:44 of 1st period - Antoine Vermette wins face-off versus Brooks Laich in Coyotes zone.
19:55 of 1st period - Snap shot by Kristopher Letang.
19:55 of 1st period - Stopped by Brent Krahn without a rebound.
19:56 of 1st period - Brad Richards wins face-off versus Antoine Vermette in Sharks zone.
Goals for this period are 1 for Sharks vs 1 for Coyotes.
Shots for this period are 16 for Sharks vs 12 for Coyotes.
2nd period
0:01 of 2nd period - Brad Richards wins face-off versus David Legwand in neutral zone.
1:32 of 2nd period - Wrist shot by Tyler Ennis.
1:32 of 2nd period - Stopped by Brent Krahn without a rebound.
1:33 of 2nd period - David Legwand wins face-off versus Brad Richards in Sharks zone.
1:33 of 2nd period - David Legwand is hit by Zach Parise.
1:45 of 2nd period - Snap shot by Brad Boyes.
1:45 of 2nd period - Shot Blocked by Zach Parise.
1:47 of 2nd period - Wrist shot by Derek Boogaard.
1:47 of 2nd period - Shot Misses the Net.
1:49 of 2nd period - Wrist shot by Derek Boogaard.
1:49 of 2nd period - Shot Misses the Net.
1:59 of 2nd period - Brayden McNabb is hit by Kristopher Letang and loses puck.
2:33 of 2nd period - Minor Penalty to Erik Cole for Hooking.
2:34 of 2nd period - Brad Boyes wins face-off versus Brad Richards in Sharks zone.
2:44 of 2nd period - Marian Gaborik is hit by David Legwand.
3:34 of 2nd period - Minor Penalty to Boris Valabik for Tripping.
3:35 of 2nd period - Brad Boyes wins face-off versus Brad Richards in Sharks zone.
3:51 of 2nd period - Icing by Marian Gaborik.
3:52 of 2nd period - Brad Richards wins face-off versus Brad Boyes in Coyotes zone.
4:14 of 2nd period - Snap shot by Brad Richards.
4:14 of 2nd period - Stopped by Brent Krahn with a rebound.
4:33 of 2nd period - Penalty to Erik Cole is over, Erik Cole is back on ice.
5:29 of 2nd period - Icing by Marian Gaborik.
5:30 of 2nd period - Marian Gaborik wins face-off versus Nick Palmieri in Coyotes zone.
5:34 of 2nd period - Penalty to Boris Valabik is over, Boris Valabik is back on ice.
5:58 of 2nd period - Icing by Antoine Vermette.
5:59 of 2nd period - Martin Samuelsson wins face-off versus Greg Campbell in Sharks zone.
6:00 of 2nd period - Slapshot by Eric Brewer.
6:00 of 2nd period - Stopped by Brent Krahn without a rebound.
6:01 of 2nd period - Greg Campbell wins face-off versus Brooks Laich in Sharks zone.
6:08 of 2nd period - Slapshot by Kevin Shattenkirk.
6:08 of 2nd period - Stopped by Ryan Miller with a rebound.
6:28 of 2nd period - Wrist shot by Marian Gaborik.
6:28 of 2nd period - Shot Blocked by Kevin Shattenkirk.
6:30 of 2nd period - Slapshot by Eric Brewer.
6:30 of 2nd period - Deflect By Brad Richards.
6:30 of 2nd period - Shot Misses the Net.
6:30 of 2nd period - Puck is out of play.
6:31 of 2nd period - David Legwand wins face-off versus Brad Richards in Sharks zone.
6:44 of 2nd period - Wrist shot by Brad Boyes.
6:44 of 2nd period - Shot Blocked by Kristopher Letang.
6:46 of 2nd period - Wrist shot by Derek Boogaard.
6:46 of 2nd period - Stopped by Ryan Miller without a rebound.
6:47 of 2nd period - Nazem Kadri wins face-off versus Antoine Vermette in Coyotes zone.
6:49 of 2nd period - Minor Penalty to Nazem Kadri for Cross-checking.
6:50 of 2nd period - Maxim Talbot wins face-off versus David Legwand in Coyotes zone.
6:56 of 2nd period - Slapshot by Maxim Talbot.
6:56 of 2nd period - Shot Misses the Net.
8:49 of 2nd period - Penalty to Nazem Kadri is over, Nazem Kadri is back on ice.
8:58 of 2nd period - Boris Valabik is hit by Anton Stralman and loses puck.
9:18 of 2nd period - Andrej Sekera is hit by Brad Richards and loses puck.
9:26 of 2nd period - Icing by Ryane Clowe.
9:27 of 2nd period - Damien Brunner wins face-off versus Brooks Laich in Sharks zone.
9:38 of 2nd period - Wrist shot by Damien Brunner.
9:38 of 2nd period - Stopped by Ryan Miller without a rebound.
9:39 of 2nd period - Brad Richards wins face-off versus David Legwand in Coyotes zone.
9:50 of 2nd period - Backhand shot by David Legwand.
9:50 of 2nd period - Stopped by Ryan Miller without a rebound.
9:51 of 2nd period - David Legwand wins face-off versus Brad Richards in Coyotes zone.
10:04 of 2nd period - Slapshot by Marian Gaborik.
10:04 of 2nd period - Shot Misses the Net.
10:46 of 2nd period - Off-side.
10:47 of 2nd period - Brad Richards wins face-off versus David Legwand in neutral zone.
10:58 of 2nd period - Wrist shot by David Legwand.
10:58 of 2nd period - Stopped by Ryan Miller with a rebound.
11:31 of 2nd period - Minor Penalty to Eric Brewer for Hooking.
11:32 of 2nd period - Maxim Talbot wins face-off versus David Legwand in Coyotes zone.
11:39 of 2nd period - Snap shot by Mark Bell.
11:39 of 2nd period - Shot Misses the Net.
11:41 of 2nd period - Slapshot by Mark Bell.
11:41 of 2nd period - Stopped by Brent Krahn without a rebound.
11:42 of 2nd period - David Legwand wins face-off versus Maxim Talbot in Sharks zone.
12:14 of 2nd period - Snap shot by Kevin Shattenkirk.
12:14 of 2nd period - Shot Blocked by Josh Gorges.
12:16 of 2nd period - Snap shot by Derek Boogaard.
12:16 of 2nd period - Shot Misses the Net.
12:37 of 2nd period - Snap shot by Derek Boogaard.
12:37 of 2nd period - Stopped by Ryan Miller with a rebound.
13:23 of 2nd period - Slapshot by Kevin Shattenkirk.
13:23 of 2nd period - Shot Misses the Net.
13:25 of 2nd period - Snap shot by Antoine Vermette.
13:25 of 2nd period - Shot Misses the Net.
13:31 of 2nd period - Penalty to Eric Brewer is over, Eric Brewer is back on ice.
13:47 of 2nd period - Snap shot by Tyler Ennis.
13:47 of 2nd period - Stopped by Brent Krahn without a rebound.
13:48 of 2nd period - T.J. Hensick wins face-off versus Marian Gaborik in Sharks zone.
14:06 of 2nd period - Chris Campoli is hit by Zach Parise.
14:30 of 2nd period - Ryane Clowe is hit by Nazem Kadri and loses puck.
14:37 of 2nd period - Nazem Kadri is hit by Antoine Vermette and loses puck.
15:40 of 2nd period - Snap shot by Ryane Clowe.
15:40 of 2nd period - Stopped by Ryan Miller without a rebound.
15:41 of 2nd period - T.J. Hensick wins face-off versus Marian Gaborik in Coyotes zone.
15:42 of 2nd period - Slapshot by Kevin Shattenkirk.
15:42 of 2nd period - Deflect By Nick Palmieri.
15:42 of 2nd period - Stopped by Ryan Miller without a rebound.
15:43 of 2nd period - T.J. Hensick wins face-off versus Zach Parise in Coyotes zone.
16:36 of 2nd period - Off-side.
16:37 of 2nd period - Brad Richards wins face-off versus David Legwand in neutral zone.
16:44 of 2nd period - Andrej Sekera is hit by Marian Gaborik and loses puck.
17:22 of 2nd period - Icing by Andrej Sekera.
17:23 of 2nd period - Brooks Laich wins face-off versus Nick Palmieri in Sharks zone.
17:35 of 2nd period - Off-side.
17:36 of 2nd period - David Legwand wins face-off versus Brad Richards in neutral zone.
18:30 of 2nd period - Michael Del Zotto is hit by Boris Valabik and loses puck.
19:29 of 2nd period - Slapshot by Chris Campoli.
19:29 of 2nd period - Stopped by Ryan Miller without a rebound.
19:30 of 2nd period - Maxim Talbot wins face-off versus Greg Campbell in Coyotes zone.
Goals for this period are 0 for Sharks vs 0 for Coyotes.
Shots for this period are 9 for Sharks vs 5 for Coyotes.
3rd period
0:01 of 3rd period - David Legwand wins face-off versus Brad Richards in neutral zone.
0:33 of 3rd period - Snap shot by Tyler Ennis.
0:33 of 3rd period - Shot Blocked by Andrej Sekera.
0:59 of 3rd period - Snap shot by Nick Palmieri.
0:59 of 3rd period - Shot Misses the Net.
1:40 of 3rd period - Minor Penalty to Steve Montador for Tripping.
1:41 of 3rd period - Brad Boyes wins face-off versus Brad Richards in Sharks zone.
1:41 of 3rd period - Kevin Shattenkirk is hit by Brad Richards and loses puck.
1:55 of 3rd period - Snap shot by Brad Richards.
1:55 of 3rd period - Goal by Brad Richards - Sharks : 1 - Coyotes : 2.
1:56 of 3rd period - David Legwand wins face-off versus Brad Richards in neutral zone.
2:34 of 3rd period - Icing by Chris Campoli.
2:35 of 3rd period - Antoine Vermette wins face-off versus Brad Richards in Sharks zone.
3:47 of 3rd period - Snap shot by Kevin Shattenkirk.
3:47 of 3rd period - Stopped by Ryan Miller with a rebound.
4:51 of 3rd period - Snap shot by Derek Boogaard.
4:51 of 3rd period - Shot Misses the Net.
5:05 of 3rd period - Snap shot by Cal Clutterbuck.
5:05 of 3rd period - Shot Misses the Net.
5:31 of 3rd period - Wrist shot by Boris Valabik.
5:31 of 3rd period - Deflect By Erik Cole.
5:31 of 3rd period - Stopped by Ryan Miller with a rebound.
5:47 of 3rd period - Minor Penalty to Marian Gaborik for High sticking.
5:48 of 3rd period - David Legwand wins face-off versus Maxim Talbot in Coyotes zone.
5:53 of 3rd period - Slapshot by David Legwand.
5:53 of 3rd period - Stopped by Ryan Miller without a rebound.
5:54 of 3rd period - David Legwand wins face-off versus Maxim Talbot in Coyotes zone.
5:55 of 3rd period - Slapshot by Brad Boyes.
5:55 of 3rd period - Stopped by Ryan Miller without a rebound.
5:56 of 3rd period - Mark Bell wins face-off versus David Legwand in Coyotes zone.
6:37 of 3rd period - Snap shot by David Legwand.
6:37 of 3rd period - Shot Blocked by Josh Gorges.
6:39 of 3rd period - Slapshot by Brad Boyes.
6:39 of 3rd period - Deflect By David Legwand.
6:39 of 3rd period - Shot Misses the Net.
6:39 of 3rd period - Puck is out of play.
6:40 of 3rd period - Antoine Vermette wins face-off versus Brad Richards in Coyotes zone.
7:47 of 3rd period - Penalty to Marian Gaborik is over, Marian Gaborik is back on ice.
7:54 of 3rd period - Wrist shot by Josh Gorges.
7:54 of 3rd period - Stopped by Brent Krahn with a rebound.
7:56 of 3rd period - Slapshot by Josh Gorges.
7:56 of 3rd period - Shot Blocked by Boris Valabik.
7:58 of 3rd period - Slapshot by Greg Zanon.
7:58 of 3rd period - Stopped by Brent Krahn with a rebound.
8:06 of 3rd period - Slapshot by Zach Parise.
8:06 of 3rd period - Shot Misses the Net.
8:33 of 3rd period - Snap shot by Zach Parise.
8:33 of 3rd period - Stopped by Brent Krahn without a rebound.
8:34 of 3rd period - David Legwand wins face-off versus Nazem Kadri in Sharks zone.
8:34 of 3rd period - David Legwand is hit by Kristopher Letang.
9:46 of 3rd period - Slapshot by Brad Boyes.
9:46 of 3rd period - Shot Misses the Net.
10:03 of 3rd period - Off-side.
10:04 of 3rd period - Cal Clutterbuck wins face-off versus Brooks Laich in neutral zone.
10:47 of 3rd period - Off-side.
10:48 of 3rd period - T.J. Hensick wins face-off versus Brad Richards in neutral zone.
11:44 of 3rd period - Minor Penalty to Maxim Talbot for Hooking.
11:45 of 3rd period - Zach Parise wins face-off versus David Legwand in Coyotes zone.
11:57 of 3rd period - Slapshot by Steve Montador.
11:57 of 3rd period - Deflect By Derek Boogaard.
11:57 of 3rd period - Shot Misses the Net.
11:57 of 3rd period - Puck is out of play.
11:58 of 3rd period - Zach Parise wins face-off versus David Legwand in Coyotes zone.
12:45 of 3rd period - Martin Samuelsson is hit by Brad Boyes and loses puck.
13:44 of 3rd period - Penalty to Maxim Talbot is over, Maxim Talbot is back on ice.
13:50 of 3rd period - Tyler Ennis is hit by Steve Montador.
13:51 of 3rd period - Icing by Tyler Ennis.
13:52 of 3rd period - Nazem Kadri wins face-off versus T.J. Hensick in Coyotes zone.
13:57 of 3rd period - Snap shot by Erik Cole.
13:57 of 3rd period - Stopped by Ryan Miller without a rebound.
13:58 of 3rd period - Nazem Kadri wins face-off versus David Legwand in Coyotes zone.
13:58 of 3rd period - Nazem Kadri is hit by Brayden McNabb.
14:05 of 3rd period - Off-side.
14:06 of 3rd period - Nazem Kadri wins face-off versus David Legwand in neutral zone.
14:11 of 3rd period - Kristopher Letang is hit by Derek Boogaard and loses puck.
15:00 of 3rd period - Wrist shot by Chris Stewart.
15:00 of 3rd period - Stopped by Brent Krahn with a rebound.
15:02 of 3rd period - Snap shot by Tyler Ennis.
15:02 of 3rd period - Shot Misses the Net.
15:16 of 3rd period - Wrist shot by Tyler Ennis.
15:16 of 3rd period - Shot Misses the Net.
15:22 of 3rd period - Wrist shot by Tyler Ennis.
15:22 of 3rd period - Deflect By Chris Stewart.
15:22 of 3rd period - Shot Misses the Net.
15:22 of 3rd period - Puck is out of play.
15:23 of 3rd period - Maxim Talbot wins face-off versus T.J. Hensick in Sharks zone.
15:33 of 3rd period - Wrist shot by Maxim Talbot.
15:33 of 3rd period - Shot Misses the Net.
15:35 of 3rd period - Wrist shot by Eric Brewer.
15:35 of 3rd period - Stopped by Brent Krahn with a rebound.
15:37 of 3rd period - Snap shot by Mark Bell.
15:37 of 3rd period - Shot Misses the Net.
15:39 of 3rd period - Wrist shot by Enver Lisin.
15:39 of 3rd period - Stopped by Brent Krahn without a rebound.
15:40 of 3rd period - Brad Richards wins face-off versus Ryane Clowe in Sharks zone.
16:24 of 3rd period - Off-side.
16:25 of 3rd period - Greg Campbell wins face-off versus Brooks Laich in neutral zone.
16:30 of 3rd period - Slapshot by Kevin Shattenkirk.
16:30 of 3rd period - Shot Misses the Net.
17:00 of 3rd period - Minor Penalty to Kristopher Letang for Hooking.
17:01 of 3rd period - David Legwand wins face-off versus Maxim Talbot in Coyotes zone.
17:01 of 3rd period - Wrist shot by Kevin Shattenkirk.
17:01 of 3rd period - Goal by Kevin Shattenkirk - Sharks : 2 - Coyotes : 2.
17:02 of 3rd period - Maxim Talbot wins face-off versus T.J. Hensick in neutral zone.
17:08 of 3rd period - Icing by Erik Cole.
17:09 of 3rd period - T.J. Hensick wins face-off versus Maxim Talbot in Sharks zone.
17:54 of 3rd period - Wrist shot by Chris Stewart.
17:54 of 3rd period - Shot Misses the Net.
18:00 of 3rd period - David Legwand is hit by Tyler Ennis and loses puck.
18:24 of 3rd period - Slapshot by Kevin Shattenkirk.
18:24 of 3rd period - Stopped by Ryan Miller without a rebound.
18:25 of 3rd period - Antoine Vermette wins face-off versus Brad Richards in Coyotes zone.
18:26 of 3rd period - Wrist shot by Cal Clutterbuck.
18:26 of 3rd period - Stopped by Ryan Miller without a rebound.
18:27 of 3rd period - Maxim Talbot wins face-off versus Antoine Vermette in Coyotes zone.
18:27 of 3rd period - Maxim Talbot is hit by Antoine Vermette.
18:59 of 3rd period - Wrist shot by Cal Clutterbuck.
18:59 of 3rd period - Stopped by Ryan Miller with a rebound.
19:11 of 3rd period - Slapshot by Zach Parise.
19:11 of 3rd period - Stopped by Brent Krahn with a rebound.
19:14 of 3rd period - Icing by Chris Campoli.
19:15 of 3rd period - T.J. Hensick wins face-off versus Brad Richards in Sharks zone.
19:40 of 3rd period - Snap shot by Nick Palmieri.
19:40 of 3rd period - Shot Misses the Net.
19:42 of 3rd period - Wrist shot by T.J. Hensick.
19:42 of 3rd period - Shot Blocked by Kristopher Letang.
19:44 of 3rd period - Snap shot by Erik Cole.
19:44 of 3rd period - Stopped by Ryan Miller without a rebound.
19:45 of 3rd period - Antoine Vermette wins face-off versus Maxim Talbot in Coyotes zone.
19:46 of 3rd period - Wrist shot by Cal Clutterbuck.
19:46 of 3rd period - Shot Misses the Net.
19:48 of 3rd period - Minor Penalty to Enver Lisin for Boarding.
19:49 of 3rd period - Maxim Talbot wins face-off versus David Legwand in Coyotes zone.
19:57 of 3rd period - Off-side.
19:58 of 3rd period - David Legwand wins face-off versus Maxim Talbot in neutral zone.
Goals for this period are 1 for Sharks vs 1 for Coyotes.
Shots for this period are 10 for Sharks vs 8 for Coyotes.
Overtime #1
0:01 of 1st overtime period - Brad Richards wins face-off versus Brad Boyes in neutral zone.
0:45 of 1st overtime period - Icing by Chris Campoli.
0:46 of 1st overtime period - T.J. Hensick wins face-off versus Brad Richards in Sharks zone.
1:10 of 1st overtime period - Snap shot by T.J. Hensick.
1:10 of 1st overtime period - Shot Misses the Net.
1:12 of 1st overtime period - Slapshot by Boris Valabik.
1:12 of 1st overtime period - Deflect By T.J. Hensick.
1:12 of 1st overtime period - Goal by T.J. Hensick - Sharks : 3 - Coyotes : 2.
Goals for this period are 1 for Sharks vs 0 for Coyotes.
Shots for this period are 1 for Sharks vs 0 for Coyotes.
Back to the Top